Workbook

Sheet Introduction
A1: Analysis of the potential for air source heat pumps to reduce energy costs and greenhouse gas emissions of Ontario's electrically heated homes.
A3: This spreadsheet is designed to help the user understand the calculations made for the report on the potential for heat pumps to reduce energy costs and greenhouse gas emissions from Ontario's electrically heated homes. Users also have the opportunity to change some of the assumptions and data points used and test the impacts on the outcomes.
A5: The input data sheet is where the raw data used in the report is shown alongside the data sources and any comments on that data. Users can change these values to test the impacts on the calculated outcomes.
A7: The report tables sheet shows the tables found in the accompanying report. Any changes to the input data sheet will show up in these tables
A9: The outputs sheet show the calculated values that are derived from the input data and are used for the report's analysis. If a user changes the input data, the corresponding values in the outputs sheet will change. The outputs sheet is not designed to be altered by the user.
A11: The assumptions sheet lists the assumptions that were made in this analysis.
A13: The formulas for outputs sheet shows how the values in the outputs sheet were calculated.
A15: Some additional calculations were required when the raw data available did not match with the input data and these are shown in the formulas for supporting values sheet. For example, most homes are charged for their electricity based on time of use pricing and the formula for calculating the time-averaged price is shown in this sheet.

Sheet assumptions
A1: Assumptions
A4: assumption
A5: an average of 3 multi-split heads in a detached/attached home can provide 70% of an average home's heating
A6: electrically heated homes have AC at the same rate as all other Ontario homes
A7: cooling energy loads are proportional to heating energy loads
A8: detached and attached homes with room AC use two AC units on average
A9: Homes with central AC have ducting and all homes without central AC use baseboard heaters (Kai Millyard of Green Communities Canada estimates that that 1/3 of electrically-heated (non-MURB) homes have electric furnaces based on proprietary EnerGuide audit database – these were assumed to be homes with central AC)
A10: total lifetime cost of current system only includes operational costs and maintenance costs
A11: Hydro One TOU prices are used for all of Ontario
A12: capital costs include the installed cost of an ASHP or mini split and ducting if needed but does not include any additional electrical or other costs
A13: loans terms use Ontario's avg annual borrowing rate and are assumed to be paid monthly with interest compounded monthly

Sheet input data
A1: Study of potential for heat pumps to reduce energy costs and GHGe from electrically heated homes
A3: data | B3: value | C3: source | D3: notes
A5: number of electrically heated homes in Ontario
A6: number of electrically heated detached homes | B6: 312500 | C6: Table 22 of NRCan CEUD for ON
A7: number of elecrically heated attached homes | B7: 137500 | C7: Table 23 of NRCan CEUD for ON
B8: =SUM(B6:B7) -> 450000
A9: number of electrically heated homes with AC in Ontario
A10: number of electrically heated detached homes with no AC | B10: =B6-B11-B12 -> 66250 | C10: Tables 14 and 22 of NRCan CEUD for ON | D10: homes left over after those with AC are subtracted
A11: number of electrically heated detached homes with central AC | B11: =B6*0.688 -> 215000 | C11: Tables 14 and 22 of NRCan CEUD for ON | D11: values from Tables 14 and 22 show that 78.8% of households have AC and Table 14 shows 87.3% of these are central AC therefore 68.8% of homes have central AC
A12: number of electrically heated detached homes have window AC | B12: =0.1*B6 -> 31250 | C12: Tables 14 and 22 of NRCan CEUD for ON | D12: values from Tables 14 and 22 show that 78.8% of households have AC and Table 14 shows 12.7% of these are window AC therefore 10.0% of homes have window AC
A13: number of electrically heated attached homes with no AC | B13: =B7-B14-B15 -> 29150 | C13: Tables 14 and 22 of NRCan CEUD for ON | D13: homes left over after those with AC are subtracted
A14: number of elecrically heated attached homes with central AC | B14: =B7*0.688 -> 94600 | C14: Tables 14 and 22 of NRCan CEUD for ON | D14: values from Tables 14 and 22 show that 78.8% of households have AC and Table 14 shows 87.3% of these are central AC therefore 68.8% of homes have central AC
A15: number of electrically heated attached homes have window AC | B15: =0.1*B7 -> 13750 | C15: Tables 14 and 22 of NRCan CEUD for ON | D15: values from Tables 14 and 22 show that 78.8% of households have AC and Table 14 shows 12.7% of these are window AC therefore 10.0% of homes have window AC
A17: annual heating load in electrically heated homes
A18: GJ heating load use per electrically heated detached homes | B18: 90.6 | C18: Tables 6 and 14 of NRCan CEUD for ON adjusted according to the formulas for supporting data | D18: assumes all detahed homes have the same heating energy requirements, this value has been adjusted for heating system effificiency - see additional calculations
A19: GJ heating load per elecrically heated attached homes | B19: 58.4 | C19: Tables 6 and 14 of NRCan CEUD for ON adjusted according to the formulas for supporting data | D19: assumes all attahed homes have the same heating energy requirements, this value has been adjusted for heating system effificiency - see additional calculations
A21: % of heating load provided by heat pumps
A22: for ASHPs that use ducting | B22: 1
A23: for multi-split heat pumps without ducting | B23: 0.7
A25: annual cooling load in electrically heated homes
A26: GJ cooling load per electrically heated detached home with central AC | B26: 26 | C26: Tables 4 and 27 of NRCan CEUD for ON | D26: since only one value was given for all housing types, the values were adjusted to ensure the proportions of the cooling loads for each housing types match that of the heating loads for each housing type - see formulas for supporting values
A27: GJ cooling load per electrically heated attached home with central AC | B27: 16.8 | C27: Tables 4 and 27 of NRCan CEUD for ON | D27: since only one value was given for all housing types, the values were adjusted to ensure the proportions of the cooling loads for each housing types match that of the heating loads for each housing type - see formulas for supporting values
A28: GJ cooling load per room AC | B28: 8.58 | C28: Tables 4 and 27 of NRCan CEUD for ON
A30: heating and cooling efficiencies
A31: electric furnace and baseboard efficiency (COP) | B31: 1
A32: average central air conditioner efficiency (SEER) | B32: 12.5 | C32: Table 27 of NRCAn CEUD for ON
A33: average central air conditioner efficiency (sCOP) | B33: =(1.12*B32-0.02*B32*B32)/3.413 -> 3.1863463 | C33: https://energy-models.com/tools/how-convert-seer-eer-or-cop-kwton-hspf?page=1 | D33: calculated from SEER: COP = (1.12*SEER -0.02*SEER*SEER)/3.413
A34: average window air conditioner efficiency (EER) | B34: 11.6 | C34: Table 27 of NRCAn CEUD for ON
A35: average window air conditioner efficiency (COP) | B35: =B34/3.413 -> 3.3987694 | C35: https://energy-models.com/tools/how-convert-seer-eer-or-cop-kwton-hspf?page=1 | D35: calculated from EER: COP = EER/3.413
A36: average heat pump heating efficiency (sCOP) | B36: 2.7 | C36: based on a minimum HSPF performance of 10.5 in zone IV
A37: average heat pump cooling efficiency (SEER) | B37: 18 | C37: typical minimum value for ccASHPs with HSPF of 10.5 or greater
A38: average heat pump cooling efficiency (sCOP) | B38: =(1.12*B37-0.02*B37*B37)/3.413 -> 4.0082039 | C38: https://energy-models.com/tools/how-convert-seer-eer-or-cop-kwton-hspf?page=1 | D38: calculated from SEER: COP = (1.12*SEER -0.02*SEER*SEER)/3.413
A41: annual operational cost
A42: TOU electricity cost/kWh | B42: ='formulas for supporting values'!B22 -> 0.16529889 | C42: https://www.hydroone.com/rates-and-billing# | D42: HydroOne TOU prices for medium density residential Aug 2021
A43: maintenance cost for a heat pump | B43: 40 | C43: $40 for filters for ccASHP, and filter cleaning for mini-splits
A44: maintenance cost for an air conditioner | B44: 20 | C44: for filters on central AC and installation on room AC
A46: capital costs
A47: cold climate ASHP | B47: 15600 | C47: see report for data used here
A48: cold climate mini-split heat pump for single family homes with no ducts | B48: 12600 | C48: see report for data used here
A49: new/replacement AC for single family home | B49: 7000 | C49: based on RMI study of electrification of heat pumps https://rmi.org/insight/the-economics-of-electrifying-buildings/
A50: replacment window AC | B50: 380 | C50: Home depot top selling 10,000 BTU window AC https://www.homedepot.ca/product/lg-electronics-10-000-btu-115v-smart-wi-fi-window-air-conditioner-with-remote-energy-star-/1001037254
A51: % of homes with no AC that are likely to install central AC | B51: 0.5
A52: % of homes with central AC that are likely to replace the AC | B52: 1
A53: % of homes with window AC that are likely to install central AC | B53: 0.5
A55: average lifetime of equipment
A56: cold climate mini-split heat pump | B56: 15 | C56: based on RMI study of electrification of heat pumps https://rmi.org/insight/the-economics-of-electrifying-buildings/
A57: cold climate ASHP | B57: 15 | C57: based on RMI study of electrification of heat pumps https://rmi.org/insight/the-economics-of-electrifying-buildings/
A58: cold climate mini split heat pump for single family home with no ducting | B58: 15 | C58: based on RMI study of electrification of heat pumps https://rmi.org/insight/the-economics-of-electrifying-buildings/
A60: emission factor for electricity
A61: projected 2030 winter marginal emission factor (kg/kWh) | B61: 0.3725 | C61: IESO values | D61: time-averaged seasonal value for 2030
A62: projected 2030 summer marginal emission factor (kg/kWh) | B62: 0.3661 | C62: IESO values | D62: time-averaged seasonal value for 2030
A64: loan values
A65: Ontario cost of long term debt (%) | B65: 0.019 | C65: https://budget.ontario.ca/2021/chapter-4.html#section-3 | D65: the average annual borrowing rate for 2022
A66: loan period in months | B66: 180 | D66: it is assumed that payments are made monthly and that interest is compounded monthly
A68: unit conversion factors
A69: GJ/kWh | B69: 0.0036
A71: additional values
A72: total annual TWh demand in ON | B72: 132.2 | C72: https://www.ieso.ca/en/corporate-ieso/media/year-end-data | D72: 2020 value

Sheet report tables
A2: Table 1: Annual homeowner net financial benefit from heat pumps assuming low and zero interest financing
B4: Current AC system | C4: Loan amount | D4: Annual savings due to HP | E4: Annual low interest loan payments | F4: Net savings for low interest loans | G4: Annual zero interest loan payments | H4: Net savings for zero interest loans
A5: Detached homes | B5: No AC | C5: =outputs!D33 -> 12600 | D5: =outputs!I7 -> 1793.4912 | E5: =outputs!F33 -> 966.03841 | F5: =D5-E5 -> 827.45275 | G5: =outputs!G33 -> 840 | H5: =D5-G5 -> 953.49116
B6: Central AC | C6: =outputs!D34 -> 15600 | D6: =outputs!I8 -> 2676.0967 | E6: =outputs!F34 -> 1196.0476 | F6: =D6-E6 -> 1480.0491 | G6: =outputs!G34 -> 1040 | H6: =D6-G6 -> 1636.0967
B7: Window AC | C7: =outputs!D35 -> 12600 | D7: =outputs!I9 -> 1863.3854 | E7: =outputs!F35 -> 966.03841 | F7: =D7-E7 -> 897.347 | G7: =outputs!G35 -> 840 | H7: =D7-G7 -> 1023.3854
A8: Attached homes | B8: No AC | C8: =outputs!D36 -> 12600 | D8: =outputs!I10 -> 1141.853 | E8: =outputs!F36 -> 966.03841 | F8: =D8-E8 -> 175.81461 | G8: =outputs!G36 -> 840 | H8: =D8-G8 -> 301.85302
B9: Central AC | C9: =outputs!D37 -> 15600 | D9: =outputs!I11 -> 1718.0013 | E9: =outputs!F37 -> 1196.0476 | F9: =D9-E9 -> 521.95376 | G9: =outputs!G37 -> 1040 | H9: =D9-G9 -> 678.00132
B10: Window AC | C10: =outputs!D38 -> 12600 | D10: =outputs!I12 -> 1201.2255 | E10: =outputs!F38 -> 966.03841 | F10: =D10-E10 -> 235.18709 | G10: =outputs!G38 -> 840 | H10: =D10-G10 -> 361.2255
A11: Ontario total ($ billion) | C11: =outputs!J40/1000 -> 6.5988 | D11: =outputs!Q14/1000 -> 0.96473516 | E11: =outputs!K40/1000 -> 0.50592812 | F11: =D11-E11 -> 0.45880704 | G11: =(outputs!K40-outputs!O40)/1000 -> 0.43992 | H11: =D11-G11 -> 0.52481516
A13: Table 1: Annual Net Financial savings for a detached home with heat pump installed in lieu of replacing its air conditioning system and assuming loans are provided for the full cost of the heat pump
B15: Existing system | C15: High-Efficiency Heat Pump (zero interest loan) | D15: High-Efficiency Heat Pump (low interest loan)
A16: Annual electricity and maintenance costs | B16: =outputs!E8 -> 4554.691 | C16: =outputs!H8 -> 1878.5943 | D16: =outputs!H8 -> 1878.5943
A17: Annualized capital payments | B17: ='input data'!B49/15 -> 466.66667 | C17: =outputs!G34 -> 1040 | D17: =outputs!F34 -> 1196.0476
A18: Total annual cost | B18: =B16+B17 -> 5021.3577 | C18: =SUM(C16:C17) -> 2918.5943 | D18: =SUM(D16:D17) -> 3074.6419
A19: NET ANNUAL UTILITY BILL SAVINGS | C19: =B18-C18 -> 2102.7633 | D19: =B18-D18 -> 1946.7158
A22: Table 2: Ontario's electrically-heated housing stock and their heating and cooling loads
C24: number of homes | D24: heating load (GJ) | E24: cooling load (GJ)
A25: Detached homes | B25: No AC | C25: ='input data'!B10 -> 66250 | D25: ='input data'!B$18 -> 90.6 | E25: 0
B26: Central AC | C26: ='input data'!B11 -> 215000 | D26: ='input data'!B$18 -> 90.6 | E26: ='input data'!B26 -> 26
B27: Window AC | C27: ='input data'!B12 -> 31250 | D27: ='input data'!B$18 -> 90.6 | E27: =3*'input data'!B28 -> 25.74
A28: Attached homes | B28: No AC | C28: ='input data'!B13 -> 29150 | D28: ='input data'!B$19 -> 58.4 | E28: 0
B29: Central AC | C29: ='input data'!B14 -> 94600 | D29: ='input data'!B$19 -> 58.4 | E29: ='input data'!B27 -> 16.8
B30: Window AC | C30: ='input data'!B15 -> 13750 | D30: ='input data'!B$19 -> 58.4 | E30: =2*'input data'!B28 -> 17.16
A31: ON total | C31: =SUM(C25:C30) -> 450000
A33: Table 3: Projected 2030 greenhouse gas emissions impacts of shifting electrically-heated homes in Ontario to heat pumps
C35: kg GHG avoided/yr/home | D35: kt GHG avoided/yr for all homes
A36: Detached homes | B36: No AC | C36: =outputs!K57 -> 4131.7608 | D36: =outputs!U57 -> 273.72915
B37: Central AC | C37: =outputs!K58 -> 6072.6625 | D37: =outputs!U58 -> 1305.6224
B38: Window AC | C38: =outputs!K59 -> 3985.5435 | D38: =outputs!U59 -> 124.54824
A39: Attached homes | B39: No AC | C39: =outputs!K60 -> 2663.2984 | D39: =outputs!U60 -> 77.635147
B40: Central AC | C40: =outputs!K61 -> 3914.6531 | D40: =outputs!U61 -> 370.32618
B41: Window AC | C41: =outputs!K62 -> 2750.4996 | D41: =outputs!U62 -> 37.819369
A42: ON total | D42: =outputs!U64 -> 2189.6805
A45: Table 4: Annual Electricity Bill Savings for Ontario’s Electrically-Heated Homes Due To Installation of Air Source Heat Pumps
C47: Per home ($/yr) | D47: For all electrically-heated homes ($M/yr)
A48: Detached homes | B48: No AC | C48: =outputs!I7 -> 1793.4912 | D48: =outputs!Q7 -> 118.81879
B49: Central AC | C49: =outputs!I8 -> 2676.0967 | D49: =outputs!Q8 -> 575.36078
B50: Window AC | C50: =outputs!I9 -> 1863.3854 | D50: =outputs!Q9 -> 58.230794
A51: Attached homes | B51: No AC | C51: =outputs!I10 -> 1141.853 | D51: =outputs!Q10 -> 33.285016
B52: Central AC | C52: =outputs!I11 -> 1718.0013 | D52: =outputs!Q11 -> 162.52292
B53: Window AC | C53: =outputs!I12 -> 1201.2255 | D53: =outputs!Q12 -> 16.516851
A54: ON total | D54: =outputs!Q14 -> 964.73516
A57: Table 5: Total and incremental upfront cost and payback periods for installing heat pumps in Ontario's electrically-heated homes
B59: Current AC system | C59: Total upfront cost | D59: Payback (total cost) | E59: Incremental cost | F59: Payback (incremental)
A60: Detached homes | B60: No AC | C60: =outputs!C20 -> 12600 | D60: =outputs!M20 -> 7.025404 | E60: =outputs!F20 -> 11460 | F60: =outputs!I20 -> 6.1500965
B61: Central AC | C61: =outputs!C21 -> 15600 | D61: =outputs!M21 -> 5.8293858 | E61: =outputs!F21 -> 8600 | F61: =outputs!I21 -> 3.2136358
B62: Window AC | C62: =outputs!C22 -> 12600 | D62: =outputs!M22 -> 6.7618862 | E62: =outputs!F22 -> 11460 | F62: =outputs!I22 -> 6.1500965
A63: Attached homes | B63: No AC | C63: =outputs!C23 -> 12600 | D63: =outputs!M23 -> 11.034695 | E63: =outputs!F23 -> 11840 | F63: =outputs!I23 -> 9.8566006
B64: Central AC | C64: =outputs!C24 -> 15600 | D64: =outputs!M24 -> 9.080319 | E64: =outputs!F24 -> 8600 | F64: =outputs!I24 -> 5.0058169
B65: Window AC | C65: =outputs!C25 -> 12600 | D65: =outputs!M25 -> 10.489288 | E65: =outputs!F25 -> 11840 | F65: =outputs!I25 -> 9.8566006
A66: Ontario total ($ billion) | C66: =outputs!P27/1000 -> 6.5988 | D66: =outputs!AA27 -> 7.2332159 | E66: =outputs!T27/1000 -> 4.287846 | F66: =outputs!W27 -> 4.8599212
A68: Table 6: - see Table 1
A71: Table 7: Total loan amounts and annual interest amounts for Government of Ontario loans to homeowners to install heat pumps in electrically-heated homes.
B73: Current AC system | C73: Loan amount ($ million) | D73: Annual interest amount ($ million)
A74: Detached homes | B74: No AC | C74: =outputs!J33 -> 834.75 | D74: =outputs!O33 -> 8.3500449
B75: Central AC | C75: =outputs!J34 -> 3354 | D75: =outputs!O34 -> 33.550225
B76: Window AC | C76: =outputs!J35 -> 393.75 | D76: =outputs!O35 -> 3.9387004
A77: Attached homes | B77: No AC | C77: =outputs!J36 -> 367.29 | D77: =outputs!O36 -> 3.6740198
B78: Central AC | C78: =outputs!J37 -> 1475.76 | D78: =outputs!O37 -> 14.762099
B79: Window AC | C79: =outputs!J38 -> 173.25 | D79: =outputs!O38 -> 1.7330282
A80: ON total | C80: =outputs!J40 -> 6598.8 | D80: =outputs!O40 -> 66.008118

Sheet outputs
A1: This spreadsheet assumes that in buildings with multi-splits (detached and attached homes without central AC ), 70% of heating would come from the heat pump and the remainder from baseboard heaters.
A4: annual operational costs
B5: per home | K5: for all electrically heated homes
C6: current electric heating ($/yr) | D6: current cooling ($/yr) | E6: total current heating and cooling ($/yr) | F6: HP heating ($/yr) | G6: HP cooling ($/yr) | H6: total HP heating/cooling + maintenance($/yr) | I6: savings from switch to HP ($/yr) | K6: current electric heating ($M/yr) | L6: current cooling ($M/yr) | M6: total heating and cooling ($M/yr) | N6: HP heating ($M) | O6: HP cooling ($M) | P6: total HP heating/cooling ($M/yr) | Q6: savings from switch to HP ($M/yr)
A7: detached home | B7: no AC | C7: ='input data'!B18/'input data'!B$31/'input data'!B$69*'input data'!B$42 -> 4160.022 | D7: 0 | E7: =C7+D7 -> 4160.022 | F7: =(C7*'input data'!B$31/'input data'!B$36)*'input data'!B$23 +(1-'input data'!B$23)*C7 -> 2326.5308 | G7: 0 | H7: =F7+G7+'input data'!B$43 -> 2366.5308 | I7: =E7-H7 -> 1793.4912 | K7: =C7*'input data'!$B10/1000000 -> 275.60146 | L7: =D7*'input data'!$B10/1000000 -> 0 | M7: =E7*'input data'!$B10/1000000 -> 275.60146 | N7: =F7*'input data'!$B10/1000000 -> 154.13267 | O7: =G7*'input data'!$B10/1000000 -> 0 | P7: =H7*'input data'!$B10/1000000 -> 156.78267 | Q7: =I7*'input data'!$B10/1000000 -> 118.81879
B8: central AC | C8: ='input data'!B18/'input data'!B$31/'input data'!B$69*'input data'!B$42 -> 4160.022 | D8: ='input data'!B26/'input data'!B$33/'input data'!B$69*'input data'!B$42 -> 374.66903 | E8: =C8+D8 +'input data'!B44 -> 4554.691 | F8: =(C8*'input data'!B$31/'input data'!B$36)*'input data'!B$22 +(1-'input data'!B$22)*C8 -> 1540.7489 | G8: ='input data'!B$26/'input data'!B$38/'input data'!B$69*'input data'!B$42 -> 297.84545 | H8: =F8+G8+'input data'!B$43 -> 1878.5943 | I8: =E8-H8 -> 2676.0967 | K8: =C8*'input data'!$B11/1000000 -> 894.40472 | L8: =D8*'input data'!$B11/1000000 -> 80.553842 | M8: =E8*'input data'!$B11/1000000 -> 979.25856 | N8: =F8*'input data'!$B11/1000000 -> 331.26101 | O8: =G8*'input data'!$B11/1000000 -> 64.036771 | P8: =H8*'input data'!$B11/1000000 -> 403.89778 | Q8: =I8*'input data'!$B11/1000000 -> 575.36078
B9: room AC | C9: ='input data'!B18/'input data'!B$31/'input data'!B$69*'input data'!B$42 -> 4160.022 | D9: ='input data'!B$28/'input data'!B$35/'input data'!B$69*'input data'!B$42*3 -> 347.73969 | E9: =C9+D9 +'input data'!B44 -> 4527.7617 | F9: =(C9*'input data'!B$31/'input data'!B$36)*'input data'!B$23 +(1-'input data'!B$23)*C9 -> 2326.5308 | G9: ='input data'!B$26/'input data'!B$38/'input data'!B$69*'input data'!B$42 -> 297.84545 | H9: =F9+G9+'input data'!B$43 -> 2664.3762 | I9: =E9-H9 -> 1863.3854 | K9: =C9*'input data'!$B12/1000000 -> 130.00069 | L9: =D9*'input data'!$B12/1000000 -> 10.866865 | M9: =E9*'input data'!$B12/1000000 -> 141.49255 | N9: =F9*'input data'!$B12/1000000 -> 72.704088 | O9: =G9*'input data'!$B12/1000000 -> 9.3076702 | P9: =H9*'input data'!$B12/1000000 -> 83.261758 | Q9: =I9*'input data'!$B12/1000000 -> 58.230794
A10: attached home | B10: no AC | C10: ='input data'!B19/'input data'!B$31/'input data'!B$69*'input data'!B$42 -> 2681.5153 | D10: 0 | E10: =C10+D10 -> 2681.5153 | F10: =(C10*'input data'!B$31/'input data'!B$36)*'input data'!B$23 +(1-'input data'!B$23)*C10 -> 1499.6622 | G10: 0 | H10: =F10+G10+'input data'!B$43 -> 1539.6622 | I10: =E10-H10 -> 1141.853 | K10: =C10*'input data'!$B13/1000000 -> 78.16617 | L10: =D10*'input data'!$B13/1000000 -> 0 | M10: =E10*'input data'!$B13/1000000 -> 78.16617 | N10: =F10*'input data'!$B13/1000000 -> 43.715154 | O10: =G10*'input data'!$B13/1000000 -> 0 | P10: =H10*'input data'!$B13/1000000 -> 44.881154 | Q10: =I10*'input data'!$B13/1000000 -> 33.285016
B11: central AC | C11: ='input data'!B19/'input data'!B$31/'input data'!B$69*'input data'!B$42 -> 2681.5153 | D11: ='input data'!B27/'input data'!B$33/'input data'!B$69*'input data'!B$42 -> 242.09384 | E11: =C11+D11 + 'input data'!B44 -> 2943.6091 | F11: =(C11*'input data'!B$31/'input data'!B$36)*'input data'!B$22 +(1-'input data'!B$22)*C11 -> 993.1538 | G11: ='input data'!B$27/'input data'!B$38/'input data'!B$69*'input data'!B$42 -> 192.45398 | H11: =F11+G11+'input data'!B$43 -> 1225.6078 | I11: =E11-H11 -> 1718.0013 | K11: =C11*'input data'!$B14/1000000 -> 253.67134 | L11: =D11*'input data'!$B14/1000000 -> 22.902077 | M11: =E11*'input data'!$B14/1000000 -> 278.46542 | N11: =F11*'input data'!$B14/1000000 -> 93.95235 | O11: =G11*'input data'!$B14/1000000 -> 18.206147 | P11: =H11*'input data'!$B14/1000000 -> 115.9425 | Q11: =I11*'input data'!$B14/1000000 -> 162.52292
B12: room AC | C12: ='input data'!B19/'input data'!B$31/'input data'!B$69*'input data'!B$42 -> 2681.5153 | D12: ='input data'!B$28/'input data'!B$35/'input data'!B$69*'input data'!B$42*2 -> 231.82646 | E12: =C12+D12 +'input data'!B44 -> 2933.3417 | F12: =(C12*'input data'!B$31/'input data'!B$36)*'input data'!B$23 +(1-'input data'!B$23)*C12 -> 1499.6622 | G12: ='input data'!B$27/'input data'!B$38/'input data'!B$69*'input data'!B$42 -> 192.45398 | H12: =F12+G12+'input data'!B$43 -> 1732.1162 | I12: =E12-H12 -> 1201.2255 | K12: =C12*'input data'!$B15/1000000 -> 36.870835 | L12: =D12*'input data'!$B15/1000000 -> 3.1876139 | M12: =E12*'input data'!$B15/1000000 -> 40.333449 | N12: =F12*'input data'!$B15/1000000 -> 20.620356 | O12: =G12*'input data'!$B15/1000000 -> 2.6462422 | P12: =H12*'input data'!$B15/1000000 -> 23.816598 | Q12: =I12*'input data'!$B15/1000000 -> 16.516851
R13: =Q14/'input data'!B8*1000000*15 -> 32157.839
A14: ON total ($M) | K14: =SUM(K7:K12) -> 1668.7152 | L14: =SUM(L7:L12) -> 117.5104 | M14: =SUM(M7:M12) -> 1793.3176 | N14: =SUM(N7:N12) -> 716.38562 | O14: =SUM(O7:O12) -> 94.19683 | P14: =SUM(P7:P12) -> 828.58245 | Q14: =SUM(Q7:Q12) -> 964.73516
A16: lifetime costs
C17: per home | P17: for all electrically heated homes
F18: incremental upfront and operational cost over new/replacement AC ($) | K18: non-incremental cost | S18: Ontario-wide incremental upfront cost over new/replacement AC ($) | X18: Ontario-wide non-incremental cost | AB18: Ontario-wide costs
A19: housing type | C19: HP upfront cost ($) | D19: lifetime HP operational cost ($) | E19: lifetime operational cost of current system ($) | F19: incremental upfront cost over new/replacement AC ($) | G19: total lifetime incremental cost ($) | H19: net lifetime savings from installing a HP | I19: payback period (yrs) | K19: total lifetime non-incremental cost ($) | L19: net lifetime savings from installing a HP (non-incremental) ($) | M19: non-incremental payback period (yrs) | P19: HP upfront cost ($M) | Q19: lifetime HP operational cost ($M) | R19: lifetime operational cost of current system with new AC ($M) | S19: lifetime operational cost of current system ($M) | T19: incremental upfront cost over new/replacement AC ($M) | U19: total lifetime incremental cost ($M) | V19: net lifetime savings from installing a HP - incremental ($M) | W19: payback period (yrs) | Y19: total lifetime non-incremental cost ($M) | Z19: net lifetime savings from installing HP- non-incremental ($M) | AA19: non-incremental payback period (yrs) | AC19: total lifetime cost ($M) | AD19: net lifetime savings from installing a HP ($M) | AE19: payback period (yrs)
A20: detached homes | B20: no AC | C20: ='input data'!B$48 -> 12600 | D20: =$H7*'input data'!$B$58 -> 35497.962 | E20: =$E7*'input data'!$B$58 -> 62400.329 | F20: =C20-3*'input data'!B50 -> 11460 | G20: =F20+D22 -> 51425.644 | H20: =E22-G20 -> 16490.781 | I20: =F20/I9 -> 6.1500965 | K20: =C20+D20 -> 48097.962 | L20: =E20-K20 -> 14302.367 | M20: =C20/I7 -> 7.025404 | P20: =C20*'input data'!$B10/1000000 -> 834.75 | Q20: =$P7*'input data'!$B$58 -> 2351.74 | R20: =E9*'input data'!B10*'input data'!B58/1000000 -> 4499.4631 | S20: =$M7*'input data'!$B$58 -> 4134.0218 | T20: =P20-'input data'!B$50*3*'input data'!B10/1000000 -> 759.225 | U20: =T20+Q20 -> 3110.965 | V20: =R20-U20 -> 1388.4982 | W20: =T20/(I9*'input data'!B10/1000000) -> 6.1500965 | Y20: =P20+Q20 -> 3186.49 | Z20: =S20-Y20 -> 947.53184 | AA20: =P20/Q7 -> 7.025404 | AC20: =U20*'input data'!B51+Y20*(1-'input data'!B51) -> 3148.7275 | AD20: =V20*'input data'!B51+Z20*(1-'input data'!B51) -> 1168.015 | AE20: =(W20+AA20)/2 -> 6.5877502
B21: central AC | C21: ='input data'!B$47 -> 15600 | D21: =$H8*'input data'!$B$57 -> 28178.915 | E21: =$E8*'input data'!$B$57 -> 68320.365 | F21: =C21-'input data'!B$49 -> 8600 | G21: =F21+D21 -> 36778.915 | H21: =E21-G21 -> 31541.45 | I21: =F21/I8 -> 3.2136358 | K21: =C21+D21 -> 43778.915 | L21: =E21-K21 -> 24541.45 | M21: =C21/I8 -> 5.8293858 | P21: =C21*'input data'!$B11/1000000 -> 3354 | Q21: =$P8*'input data'!$B$57 -> 6058.4667 | R21: =$M8*'input data'!$B$57 -> 14688.878 | S21: =$M8*'input data'!$B$57 -> 14688.878 | T21: =P21-'input data'!B$49*'input data'!B11/1000000 -> 1849 | U21: =T21+Q21 -> 7907.4667 | V21: =R21-U21 -> 6781.4118 | W21: =T21/Q8 -> 3.2136358 | Y21: =P21+Q21 -> 9412.4667 | Z21: =S21-Y21 -> 5276.4118 | AA21: =P21/Q8 -> 5.8293858 | AC21: =U21*'input data'!B52+Y21*(1-'input data'!B52) -> 7907.4667 | AD21: =V21*'input data'!B52+Z21*(1-'input data'!B52) -> 6781.4118 | AE21: =W21 -> 3.2136358
B22: window AC | C22: ='input data'!B$48 -> 12600 | D22: =$H9*'input data'!$B$58 -> 39965.644 | E22: =$E9*'input data'!$B$58 -> 67916.425 | F22: =C22-3*'input data'!B$50 -> 11460 | G22: =F22+D22 -> 51425.644 | H22: =E22-G22 -> 16490.781 | I22: =F22/I9 -> 6.1500965 | K22: =C22+D22 -> 52565.644 | L22: =E22-K22 -> 15350.781 | M22: =C22/I9 -> 6.7618862 | P22: =C22*'input data'!$B12/1000000 -> 393.75 | Q22: =$P9*'input data'!$B$58 -> 1248.9264 | R22: =$M9*'input data'!$B$58 -> 2122.3883 | S22: =$M9*'input data'!$B$58 -> 2122.3883 | T22: =P22-'input data'!B$50*3*'input data'!B12/1000000 -> 358.125 | U22: =T22+Q22 -> 1607.0514 | V22: =R22-U22 -> 515.33691 | W22: =T22/Q9 -> 6.1500965 | Y22: =P22+Q22 -> 1642.6764 | Z22: =S22-Y22 -> 479.71191 | AA22: =P22/Q9 -> 6.7618862 | AC22: =U22*'input data'!B53+Y22*(1-'input data'!B53) -> 1624.8639 | AD22: =V22*'input data'!B53+Z22*(1-'input data'!B53) -> 497.52441 | AE22: =(W22+AA22)/2 -> 6.4559913
A23: attached homes | B23: no AC | C23: ='input data'!B$48 -> 12600 | D23: =$H10*'input data'!$B$58 -> 23094.934 | E23: =$E10*'input data'!$B$58 -> 40222.729 | F23: =C23-2*'input data'!B$50 -> 11840 | G23: =F23+D25 -> 37821.743 | H23: =E25-G23 -> 6178.3826 | I23: =F23/I12 -> 9.8566006 | K23: =C23+D23 -> 35694.934 | L23: =E23-K23 -> 4527.7953 | M23: =C23/I10 -> 11.034695 | P23: =C23*'input data'!$B13/1000000 -> 367.29 | Q23: =$P10*'input data'!$B$58 -> 673.21731 | R23: =E12*'input data'!B13*'input data'!B58/1000000 -> 1282.6037 | S23: =$M10*'input data'!$B$58 -> 1172.4925 | T23: =P23-'input data'!B$50*2*'input data'!B13/1000000 -> 345.136 | U23: =T23+Q23 -> 1018.3533 | V23: =R23-U23 -> 264.25036 | W23: =T23/(I12*'input data'!B13/1000000) -> 9.8566006 | Y23: =P23+Q23 -> 1040.5073 | Z23: =S23-Y23 -> 131.98523 | AA23: =P23/Q10 -> 11.034695 | AC23: =U23*'input data'!B51+Y23*(1-'input data'!B51) -> 1029.4303 | AD23: =V23*'input data'!B51+Z23*(1-'input data'!B51) -> 198.11779 | AE23: =(W23+AA23)/2 -> 10.445648
B24: central AC | C24: ='input data'!B$47 -> 15600 | D24: =$H11*'input data'!$B$57 -> 18384.117 | E24: =$E11*'input data'!$B$57 -> 44154.136 | F24: =C24-'input data'!B$49 -> 8600 | G24: =F24+D24 -> 26984.117 | H24: =E24-G24 -> 17170.02 | I24: =F24/I11 -> 5.0058169 | K24: =C24+D24 -> 33984.117 | L24: =E24-K24 -> 10170.02 | M24: =C24/I11 -> 9.080319 | P24: =C24*'input data'!$B14/1000000 -> 1475.76 | Q24: =$P11*'input data'!$B$57 -> 1739.1374 | R24: =$M11*'input data'!$B$57 -> 4176.9813 | S24: =$M11*'input data'!$B$57 -> 4176.9813 | T24: =P24-'input data'!B$49*'input data'!B14/1000000 -> 813.56 | U24: =T24+Q24 -> 2552.6974 | V24: =R24-U24 -> 1624.2839 | W24: =T24/Q11 -> 5.0058169 | Y24: =P24+Q24 -> 3214.8974 | Z24: =S24-Y24 -> 962.08387 | AA24: =P24/Q11 -> 9.080319 | AC24: =U24*'input data'!B52+Y24*(1-'input data'!B52) -> 2552.6974 | AD24: =V24*'input data'!B52+Z24*(1-'input data'!B52) -> 1624.2839 | AE24: =W24 -> 5.0058169
B25: window AC | C25: ='input data'!B$48 -> 12600 | D25: =$H12*'input data'!$B$58 -> 25981.743 | E25: =$E12*'input data'!$B$58 -> 44000.126 | F25: =C25-2*'input data'!B$50 -> 11840 | G25: =F25+D25 -> 37821.743 | H25: =E25-G25 -> 6178.3826 | I25: =F25/I12 -> 9.8566006 | K25: =C25+D25 -> 38581.743 | L25: =E25-K25 -> 5418.3826 | M25: =C25/I12 -> 10.489288 | P25: =C25*'input data'!$B15/1000000 -> 173.25 | Q25: =$P12*'input data'!$B$58 -> 357.24897 | R25: =$M12*'input data'!$B$58 -> 605.00173 | S25: =$M12*'input data'!$B$58 -> 605.00173 | T25: =P25-'input data'!B$50*2*'input data'!B15/1000000 -> 162.8 | U25: =T25+Q25 -> 520.04897 | V25: =R25-U25 -> 84.95276 | W25: =T25/Q12 -> 9.8566006 | Y25: =P25+Q25 -> 530.49897 | Z25: =S25-Y25 -> 74.50276 | AA25: =P25/Q12 -> 10.489288 | AC25: =U25*'input data'!B53+Y25*(1-'input data'!B53) -> 525.27397 | AD25: =V25*'input data'!B53+Z25*(1-'input data'!B53) -> 79.72776 | AE25: =(W25+AA25)/2 -> 10.172944
A27: ON total ($M) | P27: =SUM(P20:P25) -> 6598.8 | Q27: =SUM(Q20:Q25) -> 12428.737 | R27: =SUM(R20:R25) -> 27375.317 | S27: =SUM(S20:S25) -> 26899.764 | T27: =SUM(T20:T25) -> 4287.846 | U27: =SUM(U20:U25) -> 16716.583 | V27: =SUM(V20:V25) -> 10658.734 | W27: =(W20*'input data'!$B10+outputs!W21*'input data'!$B11+outputs!W22*'input data'!$B12+outputs!W23*'input data'!$B13+outputs!W24*'input data'!$B14+outputs!W25*'input data'!$B15)/('input data'!$B6+'input data'!$B7) -> 4.8599212 | Y27: =SUM(Y20:Y25) -> 19027.537 | Z27: =SUM(Z20:Z25) -> 7872.2274 | AA27: =(AA20*'input data'!$B10+outputs!AA21*'input data'!$B11+outputs!AA22*'input data'!$B12+outputs!AA23*'input data'!$B13+outputs!AA24*'input data'!$B14+outputs!AA25*'input data'!$B15)/('input data'!$B6+'input data'!$B7) -> 7.2332159 | AC27: =SUM(AC20:AC25) -> 16788.46 | AD27: =SUM(AD20:AD25) -> 10349.081 | AE27: =(AE20*'input data'!$B10+outputs!AE21*'input data'!$B11+outputs!AE22*'input data'!$B12+outputs!AE23*'input data'!$B13+outputs!AE24*'input data'!$B14+outputs!AE25*'input data'!$B15)/('input data'!$B6+'input data'!$B7) -> 4.9934195
A29: Financial impacts
C30: per home | J30: for the Government of Ontario
F31: 15-yr loan repaid by the HP owner | G31: 15-yr loan where the HP owner repays the principal only | J31: 15-yr loan where all electricity customers pay the interest and principal | O31: 15-yr loan where HP owners pay the principal and all electricity customers pay the interest
A32: housing type | C32: HP upfront cost ($) | D32: loan amount: ($) | E32: annual savings from HP ($) | F32: annual home payment on 15-yr loan for full cost ($) | G32: annual home payment on 15-yr loan for full cost if interest paid by utility ($) | J32: loan amount ($M) | K32: annual payment on 15-yr loan ($M) | L32: annual cost/kWh if loan split over all customers | M32: levelized cost of energy savings ($/kWh) | N32: % increase in residential kWh cost | O32: annual interest payment on 15-yr loan ($M) | P32: annual cost/kWh if cost split over all customers | Q32: levelized cost of energy savings ($/kWh) | R32: % increase in residential kWh cost
A33: detached homes | B33: no AC | C33: =C20 -> 12600 | D33: =C20 -> 12600 | E33: =I7 -> 1793.4912 | F33: =-12*PMT('input data'!B$65/12, 180,C33,0) -> 966.03841 | G33: =C33/15 -> 840 | J33: =(C33*(1-'input data'!B51)+D33*'input data'!B51)*'input data'!B10/1000000 -> 834.75 | K33: =-12*PMT('input data'!B$65/12, 180, J33,0) -> 64.000045 | L33: =K33/'input data'!B$72/1000 -> 0.00048411532 | M33: ='formulas for supporting values'!I91 -> 0.087093452 | N33: =L33/'input data'!B$42 -> 0.002928727 | O33: =K33-J33/15 -> 8.3500449 | P33: =O33/'input data'!B$72/1000 -> 6.3162216e-05 | Q33: ='formulas for supporting values'!Q91 -> 0.011363027 | R33: =P33/'input data'!B$42 -> 0.00038210914
B34: central AC | C34: =C21 -> 15600 | D34: =C21 -> 15600 | E34: =I8 -> 2676.0967 | F34: =-12*PMT('input data'!B$65/12, 180,C34,0) -> 1196.0476 | G34: =C34/15 -> 1040 | J34: =(C34*(1-'input data'!B52)+D34*'input data'!B52)*'input data'!B11/1000000 -> 3354 | K34: =-12*PMT('input data'!B$65/12, 180, J34,0) -> 257.15023 | L34: =K34/'input data'!B$72/1000 -> 0.0019451606 | M34: ='formulas for supporting values'!I92 -> 0.073330208 | N34: =L34/'input data'!B$42 -> 0.011767536 | O34: =K34-J34/15 -> 33.550225 | P34: =O34/'input data'!B$72/1000 -> 0.00025378385 | Q34: ='formulas for supporting values'!Q92 -> 0.0095673453 | R34: =P34/'input data'!B$42 -> 0.0015353029
B35: window AC | C35: =C22 -> 12600 | D35: =C22 -> 12600 | E35: =I9 -> 1863.3854 | F35: =-12*PMT('input data'!B$65/12, 180,C35,0) -> 966.03841 | G35: =C35/15 -> 840 | J35: =(C35*(1-'input data'!B53)+D35*'input data'!B53)*'input data'!B12/1000000 -> 393.75 | K35: =-12*PMT('input data'!B$65/12, 180, J35,0) -> 30.1887 | L35: =K35/'input data'!B$72/1000 -> 0.00022835628 | M35: ='formulas for supporting values'!I93 -> 0.090346584 | N35: =L35/'input data'!B$42 -> 0.001381475 | O35: =K35-J35/15 -> 3.9387004 | P35: =O35/'input data'!B$72/1000 -> 2.9793498e-05 | Q35: ='formulas for supporting values'!Q93 -> 0.011787461 | R35: =P35/'input data'!B$42 -> 0.00018024016
A36: attached homes | B36: no AC | C36: =C23 -> 12600 | D36: =C23 -> 12600 | E36: =I10 -> 1141.853 | F36: =-12*PMT('input data'!B$65/12, 180,C36,0) -> 966.03841 | G36: =C36/15 -> 840 | J36: =(C36*(1-'input data'!B51)+D36*'input data'!B51)*'input data'!B13/1000000 -> 367.29 | K36: =-12*PMT('input data'!B$65/12, 180, J36,0) -> 28.16002 | L36: =K36/'input data'!B$72/1000 -> 0.00021301074 | M36: ='formulas for supporting values'!I94 -> 0.13511416 | N36: =L36/'input data'!B$42 -> 0.0012886399 | O36: =K36-J36/15 -> 3.6740198 | P36: =O36/'input data'!B$72/1000 -> 2.7791375e-05 | Q36: ='formulas for supporting values'!Q94 -> 0.017628258 | R36: =P36/'input data'!B$42 -> 0.00016812802
B37: central AC | C37: =C24 -> 15600 | D37: =C24 -> 15600 | E37: =I11 -> 1718.0013 | F37: =-12*PMT('input data'!B$65/12, 180,C37,0) -> 1196.0476 | G37: =C37/15 -> 1040 | J37: =(C37*(1-'input data'!B52)+D37*'input data'!B52)*'input data'!B14/1000000 -> 1475.76 | K37: =-12*PMT('input data'!B$65/12, 180, J37,0) -> 113.1461 | L37: =K37/'input data'!B$72/1000 -> 0.00085587064 | M37: ='formulas for supporting values'!I95 -> 0.11375442 | N37: =L37/'input data'!B$42 -> 0.0051777157 | O37: =K37-J37/15 -> 14.762099 | P37: =O37/'input data'!B$72/1000 -> 0.0001116649 | Q37: ='formulas for supporting values'!Q95 -> 0.014841466 | R37: =P37/'input data'!B$42 -> 0.00067553326
B38: window AC | C38: =C25 -> 12600 | D38: =C25 -> 12600 | E38: =I12 -> 1201.2255 | F38: =-12*PMT('input data'!B$65/12, 180,C38,0) -> 966.03841 | G38: =C38/15 -> 840 | J38: =(C38*(1-'input data'!B53)+D38*'input data'!B53)*'input data'!B15/1000000 -> 173.25 | K38: =-12*PMT('input data'!B$65/12, 180, J38,0) -> 13.283028 | L38: =K38/'input data'!B$72/1000 -> 0.00010047676 | M38: ='formulas for supporting values'!I96 -> 0.13075806 | N38: =L38/'input data'!B$42 -> 0.00060784901 | O38: =K38-J38/15 -> 1.7330282 | P38: =O38/'input data'!B$72/1000 -> 1.3109139e-05 | Q38: ='formulas for supporting values'!Q96 -> 0.01705992 | R38: =P38/'input data'!B$42 -> 7.9305671e-05
A40: ON total | J40: =SUM(J33:J38) -> 6598.8 | K40: =SUM(K33:K38) -> 505.92812 | L40: =SUM(L33:L38) -> 0.0038269903 | M40: =SUM(M33:M38) -> 0.63039687 | N40: =SUM(N33:N38) -> 0.023151942 | O40: =SUM(O33:O38) -> 66.008118 | P40: =SUM(P33:P38) -> 0.00049930498 | Q40: =SUM(Q33:Q38) -> 0.082247477 | R40: =SUM(R33:R38) -> 0.0030206191
A42: grid impacts
C43: per home | K43: for all electrically heated homes
A44: housing type | C44: current kWh/yr for heating | D44: current kWh/yr for cooling | E44: current total kWh/yr | F44: kWh/yr for heating with HP | G44: kWh/yr for cooling with HP | H44: total kWh/yr with HP | I44: total kWh/yr avoided with HP | K44: current GWh/yr for heating | L44: current GWh/yr for cooling | M44: current total GWh/yr | N44: GWh/yr for heating with HP | O44: GWh/yr for cooling with HP | P44: total GWh/yr with HP | Q44: total GWh/yr avoided with HP
A45: detached homes | B45: no AC | C45: ='input data'!B18/'input data'!B$31/'input data'!B$69 -> 25166.667 | D45: 0 | E45: =C45+D45 -> 25166.667 | F45: =(C45*'input data'!B$31/'input data'!B$36)*'input data'!B$23 + (1-'input data'!B$23)*C45 -> 14074.691 | G45: 0 | H45: =F45+G45 -> 14074.691 | I45: =E45-H45 -> 11091.975 | K45: =C45*'input data'!$B10/1000000 -> 1667.2917 | L45: =D45*'input data'!$B10/1000000 -> 0 | M45: =E45*'input data'!$B10/1000000 -> 1667.2917 | N45: =F45*'input data'!$B10/1000000 -> 932.4483 | O45: =G45*'input data'!$B10/1000000 -> 0 | P45: =H45*'input data'!$B10/1000000 -> 932.4483 | Q45: =I45*'input data'!$B10/1000000 -> 734.84336
B46: central AC | C46: ='input data'!B18/'input data'!B$31/'input data'!B$69 -> 25166.667 | D46: ='input data'!B26/'input data'!B$33/'input data'!B$69 -> 2266.6156 | E46: =C46+D46 -> 27433.282 | F46: =(C46*'input data'!B$31/'input data'!B$36)*'input data'!B$22 + (1-'input data'!B$22)*C46 -> 9320.9877 | G46: ='input data'!B$26/'input data'!B$38/'input data'!B$69 -> 1801.86 | H46: =F46+G46 -> 11122.848 | I46: =E46-H46 -> 16310.435 | K46: =C46*'input data'!$B11/1000000 -> 5410.8333 | L46: =D46*'input data'!$B11/1000000 -> 487.32235 | M46: =E46*'input data'!$B11/1000000 -> 5898.1557 | N46: =F46*'input data'!$B11/1000000 -> 2004.0123 | O46: =G46*'input data'!$B11/1000000 -> 387.39989 | P46: =H46*'input data'!$B11/1000000 -> 2391.4122 | Q46: =I46*'input data'!$B11/1000000 -> 3506.7434
B47: window AC | C47: ='input data'!B18/'input data'!B$31/'input data'!B$69 -> 25166.667 | D47: ='input data'!B$28/'input data'!B$35/'input data'!B$69*2 -> 1402.4684 | E47: =C47+D47 -> 26569.135 | F47: =(C47*'input data'!B$31/'input data'!B$36)*'input data'!B$23 + (1-'input data'!B$23)*C47 -> 14074.691 | G47: ='input data'!B$26/'input data'!B$38/'input data'!B$69 -> 1801.86 | H47: =F47+G47 -> 15876.551 | I47: =E47-H47 -> 10692.584 | K47: =C47*'input data'!$B12/1000000 -> 786.45833 | L47: =D47*'input data'!$B12/1000000 -> 43.827137 | M47: =E47*'input data'!$B12/1000000 -> 830.28547 | N47: =F47*'input data'!$B12/1000000 -> 439.8341 | O47: =G47*'input data'!$B12/1000000 -> 56.308124 | P47: =H47*'input data'!$B12/1000000 -> 496.14223 | Q47: =I47*'input data'!$B12/1000000 -> 334.14324
A48: attached homes | B48: no AC | C48: ='input data'!B19/'input data'!B$31/'input data'!B$69 -> 16222.222 | D48: 0 | E48: =C48+D48 -> 16222.222 | F48: =(C48*'input data'!B$31/'input data'!B$36)*'input data'!B$23 + (1-'input data'!B$23)*C48 -> 9072.428 | G48: 0 | H48: =F48+G48 -> 9072.428 | I48: =E48-H48 -> 7149.7942 | K48: =C48*'input data'!$B13/1000000 -> 472.87778 | L48: =D48*'input data'!$B13/1000000 -> 0 | M48: =E48*'input data'!$B13/1000000 -> 472.87778 | N48: =F48*'input data'!$B13/1000000 -> 264.46128 | O48: =G48*'input data'!$B13/1000000 -> 0 | P48: =H48*'input data'!$B13/1000000 -> 264.46128 | Q48: =I48*'input data'!$B13/1000000 -> 208.4165
B49: central AC | C49: ='input data'!B19/'input data'!B$31/'input data'!B$69 -> 16222.222 | D49: ='input data'!B27/'input data'!B$33/'input data'!B$69 -> 1464.5824 | E49: =C49+D49 -> 17686.805 | F49: =(C49*'input data'!B$31/'input data'!B$36)*'input data'!B$22 + (1-'input data'!B$22)*C49 -> 6008.2305 | G49: ='input data'!B$27/'input data'!B$38/'input data'!B$69 -> 1164.2788 | H49: =F49+G49 -> 7172.5092 | I49: =E49-H49 -> 10514.295 | K49: =C49*'input data'!$B14/1000000 -> 1534.6222 | L49: =D49*'input data'!$B14/1000000 -> 138.54949 | M49: =E49*'input data'!$B14/1000000 -> 1673.1717 | N49: =F49*'input data'!$B14/1000000 -> 568.3786 | O49: =G49*'input data'!$B14/1000000 -> 110.14077 | P49: =H49*'input data'!$B14/1000000 -> 678.51937 | Q49: =I49*'input data'!$B14/1000000 -> 994.65234
B50: window AC | C50: ='input data'!B19/'input data'!B$31/'input data'!B$69 -> 16222.222 | D50: ='input data'!B$28/'input data'!B$35/'input data'!B$69*2 -> 1402.4684 | E50: =C50+D50 -> 17624.691 | F50: =(C50*'input data'!B$31/'input data'!B$36)*'input data'!B$23 + (1-'input data'!B$23)*C50 -> 9072.428 | G50: ='input data'!B$27/'input data'!B$38/'input data'!B$69 -> 1164.2788 | H50: =F50+G50 -> 10236.707 | I50: =E50-H50 -> 7387.9839 | K50: =C50*'input data'!$B15/1000000 -> 223.05556 | L50: =D50*'input data'!$B15/1000000 -> 19.28394 | M50: =E50*'input data'!$B15/1000000 -> 242.3395 | N50: =F50*'input data'!$B15/1000000 -> 124.74588 | O50: =G50*'input data'!$B15/1000000 -> 16.008833 | P50: =H50*'input data'!$B15/1000000 -> 140.75472 | Q50: =I50*'input data'!$B15/1000000 -> 101.58478
A52: ON total (GWh) | K52: =SUM(K45:K50) -> 10095.139 | L52: =SUM(L45:L50) -> 688.98292 | M52: =SUM(M45:M50) -> 10784.122 | N52: =SUM(N45:N50) -> 4333.8805 | O52: =SUM(O45:O50) -> 569.85762 | P52: =SUM(P45:P50) -> 4903.7381 | Q52: =SUM(Q45:Q50) -> 5880.3837
A54: 2030 GHGe impact
C55: per home | M55: for all electrically heated homes
A56: housing type | C56: current kWh/yr for heating | D56: kWh/yr for heating with HP | E56: kWh avoided/yr by HP for heating | F56: kg GHGe avoided/yr by HP for heating | G56: current kWh/yr for cooling | H56: kWh/yr for cooling with HP | I56: kWh avoided/yr by HP for cooling | J56: kg GHGe avoided/yr for HP for cooling | K56: total kg GHGe avoided/yr with HP | M56: current GWh/yr for heating | N56: GWh/yr for heating with HP | O56: GWh avoided/yr by HP for heating | P56: kt GHGe avoided/yr by HP for heating | Q56: current GWh/yr for cooling | R56: GWh/yr for cooling with HP | S56: kWh avoided/yr by HP for cooling | T56: kt GHGe avoided/yr for HP for cooling | U56: total kt GHGe avoided/yr with HP
A57: detached homes | B57: no AC | C57: =C45 -> 25166.667 | D57: =F45 -> 14074.691 | E57: =C57-D57 -> 11091.975 | F57: =E57*'input data'!B$61 -> 4131.7608 | G57: =D45 -> 0 | H57: =G45 -> 0 | I57: =G57-H57 -> 0 | J57: =I57*'input data'!B$62 -> 0 | K57: =F57+J57 -> 4131.7608 | M57: =C57*'input data'!$B10/1000000 -> 1667.2917 | N57: =D57*'input data'!$B10/1000000 -> 932.4483 | O57: =E57*'input data'!$B10/1000000 -> 734.84336 | P57: =F57*'input data'!$B10/1000000 -> 273.72915 | Q57: =G57*'input data'!$B10/1000000 -> 0 | R57: =H57*'input data'!$B10/1000000 -> 0 | S57: =I57*'input data'!$B10/1000000 -> 0 | T57: =J57*'input data'!$B10/1000000 -> 0 | U57: =K57*'input data'!$B10/1000000 -> 273.72915
B58: central AC | C58: =C46 -> 25166.667 | D58: =F46 -> 9320.9877 | E58: =C58-D58 -> 15845.679 | F58: =E58*'input data'!B$61 -> 5902.5154 | G58: =D46 -> 2266.6156 | H58: =G46 -> 1801.86 | I58: =G58-H58 -> 464.75561 | J58: =I58*'input data'!B$62 -> 170.14703 | K58: =F58+J58 -> 6072.6625 | M58: =C58*'input data'!$B11/1000000 -> 5410.8333 | N58: =D58*'input data'!$B11/1000000 -> 2004.0123 | O58: =E58*'input data'!$B11/1000000 -> 3406.821 | P58: =F58*'input data'!$B11/1000000 -> 1269.0408 | Q58: =G58*'input data'!$B11/1000000 -> 487.32235 | R58: =H58*'input data'!$B11/1000000 -> 387.39989 | S58: =I58*'input data'!$B11/1000000 -> 99.922456 | T58: =J58*'input data'!$B11/1000000 -> 36.581611 | U58: =K58*'input data'!$B11/1000000 -> 1305.6224
B59: window AC | C59: =C47 -> 25166.667 | D59: =F47 -> 14074.691 | E59: =C59-D59 -> 11091.975 | F59: =E59*'input data'!B$61 -> 4131.7608 | G59: =D47 -> 1402.4684 | H59: =G47 -> 1801.86 | I59: =G59-H59 -> -399.39158 | J59: =I59*'input data'!B$62 -> -146.21726 | K59: =F59+J59 -> 3985.5435 | M59: =C59*'input data'!$B12/1000000 -> 786.45833 | N59: =D59*'input data'!$B12/1000000 -> 439.8341 | O59: =E59*'input data'!$B12/1000000 -> 346.62423 | P59: =F59*'input data'!$B12/1000000 -> 129.11753 | Q59: =G59*'input data'!$B12/1000000 -> 43.827137 | R59: =H59*'input data'!$B12/1000000 -> 56.308124 | S59: =I59*'input data'!$B12/1000000 -> -12.480987 | T59: =J59*'input data'!$B12/1000000 -> -4.5692893 | U59: =K59*'input data'!$B12/1000000 -> 124.54824
A60: attached homes | B60: no AC | C60: =C48 -> 16222.222 | D60: =F48 -> 9072.428 | E60: =C60-D60 -> 7149.7942 | F60: =E60*'input data'!B$61 -> 2663.2984 | G60: =D48 -> 0 | H60: =G48 -> 0 | I60: =G60-H60 -> 0 | J60: =I60*'input data'!B$62 -> 0 | K60: =F60+J60 -> 2663.2984 | M60: =C60*'input data'!$B13/1000000 -> 472.87778 | N60: =D60*'input data'!$B13/1000000 -> 264.46128 | O60: =E60*'input data'!$B13/1000000 -> 208.4165 | P60: =F60*'input data'!$B13/1000000 -> 77.635147 | Q60: =G60*'input data'!$B13/1000000 -> 0 | R60: =H60*'input data'!$B13/1000000 -> 0 | S60: =I60*'input data'!$B13/1000000 -> 0 | T60: =J60*'input data'!$B13/1000000 -> 0 | U60: =K60*'input data'!$B13/1000000 -> 77.635147
B61: central AC | C61: =C49 -> 16222.222 | D61: =F49 -> 6008.2305 | E61: =C61-D61 -> 10213.992 | F61: =E61*'input data'!B$61 -> 3804.7119 | G61: =D49 -> 1464.5824 | H61: =G49 -> 1164.2788 | I61: =G61-H61 -> 300.30362 | J61: =I61*'input data'!B$62 -> 109.94116 | K61: =F61+J61 -> 3914.6531 | M61: =C61*'input data'!$B14/1000000 -> 1534.6222 | N61: =D61*'input data'!$B14/1000000 -> 568.3786 | O61: =E61*'input data'!$B14/1000000 -> 966.24362 | P61: =F61*'input data'!$B14/1000000 -> 359.92575 | Q61: =G61*'input data'!$B14/1000000 -> 138.54949 | R61: =H61*'input data'!$B14/1000000 -> 110.14077 | S61: =I61*'input data'!$B14/1000000 -> 28.408723 | T61: =J61*'input data'!$B14/1000000 -> 10.400433 | U61: =K61*'input data'!$B14/1000000 -> 370.32618
B62: window AC | C62: =C50 -> 16222.222 | D62: =F50 -> 9072.428 | E62: =C62-D62 -> 7149.7942 | F62: =E62*'input data'!B$61 -> 2663.2984 | G62: =D50 -> 1402.4684 | H62: =G50 -> 1164.2788 | I62: =G62-H62 -> 238.18964 | J62: =I62*'input data'!B$62 -> 87.201227 | K62: =F62+J62 -> 2750.4996 | M62: =C62*'input data'!$B15/1000000 -> 223.05556 | N62: =D62*'input data'!$B15/1000000 -> 124.74588 | O62: =E62*'input data'!$B15/1000000 -> 98.309671 | P62: =F62*'input data'!$B15/1000000 -> 36.620352 | Q62: =G62*'input data'!$B15/1000000 -> 19.28394 | R62: =H62*'input data'!$B15/1000000 -> 16.008833 | S62: =I62*'input data'!$B15/1000000 -> 3.2751075 | T62: =J62*'input data'!$B15/1000000 -> 1.1990169 | U62: =K62*'input data'!$B15/1000000 -> 37.819369
A64: ON total (GWh or kt) | M64: =SUM(M57:M62) -> 10095.139 | N64: =SUM(N57:N62) -> 4333.8805 | O64: =SUM(O57:O62) -> 5761.2584 | P64: =SUM(P57:P62) -> 2146.0687 | Q64: =SUM(Q57:Q62) -> 688.98292 | R64: =SUM(R57:R62) -> 569.85762 | S64: =SUM(S57:S62) -> 119.1253 | T64: =SUM(T57:T62) -> 43.611772 | U64: =SUM(U57:U62) -> 2189.6805

Sheet formulas for outputs
A3: annual operating costs
A15: lifetime costs
A27: Financial and GHG impacts
A46: grid impacts
A57: GHGe impacts

Sheet formulas for supporting values
A1: electricity cost/kWh
D2: MEF calculated from TOU MEF
A3: electricity | B3: % of time | C3: cost/kWh | D3: winter 2021 | E3: summer 2021 | F3: winter 2030 | G3: summer 2030
A4: off peak | B4: =108/168 -> 0.64285714 | C4: 0.082 | D4: 0.05 | E4: 0.07 | F4: 0.36 | G4: 0.35
A5: mid peak | B5: =30/168 -> 0.17857143 | C5: 0.113 | D5: 0.1 | E5: 0.18 | F5: 0.4 | G5: 0.39
A6: peak | B6: =30/168 -> 0.17857143 | C6: 0.17 | D6: 0.14 | E6: 0.21 | F6: 0.39 | G6: 0.4
A7: average | C7: =C4*$B4 + C5*$B5 + C6*$B6 -> 0.10325 | D7: =D4*$B4 + D5*$B5 + D6*$B6 -> 0.075 | E7: =E4*$B4 + E5*$B5 + E6*$B6 -> 0.11464286 | F7: =F4*$B4 + F5*$B5 + F6*$B6 -> 0.3725 | G7: =G4*$B4 + G5*$B5 + G6*$B6 -> 0.36607143
A11: cost of electricity/kWh including all costs/kWh
A13: medium density residential
A14: average time of use cost/kWh | B14: =C7 -> 0.10325
A15: distribution volume charge | B15: 0.0133
A16: transmission connection charge | B16: 0.0073
A17: transmission network charge | B17: 0.0082
A18: rural rate protection charge | B18: 0.0005
A19: IESO Wholesale market service rate | B19: 0.0034
A20: line loss adjustment factor | B20: 1.076
A21: HST (13%) | B21: 0.13
A22: TOTAL COST/kWh | B22: =SUM(B14:B19)*B20*(1+B21) -> 0.16529889
A24: heat load per dwelling unit
A26: total heat load per electrically heated detached home
A28: total heating energy use for all detached homes (PJ) | B28: 290.1
A29: total number of detached homes | B29: 3105800
A31: heating system stock for detached home | B31: share | C31: efficiency | D31: share* efficiency | F31: total heat load per electrically heated attached home | L31: total heat load per electrically heated MURB unit
A32: heating oil | B32: 0.059 | C32: 0.78 | D32: =B32*C32 -> 0.04602
A33: mid eff NG | B33: 0.15 | C33: 0.8 | D33: =B33*C33 -> 0.12 | F33: total energy use for all attached homes (PJ) | G33: 53.8 | L33: total energy use for all MURB units (PJ) | M33: 54
A34: high eff NG | B34: 0.496 | C34: 0.9 | D34: =B34*C34 -> 0.4464 | F34: total number of attached homes | G34: 846300 | L34: total number of MURBS | M34: 1585200
A35: electric | B35: 0.099 | C35: 1 | D35: =B35*C35 -> 0.099 | F35: heating system stock for detached home | G35: share | H35: efficiency | I35: share* efficiency | L35: heating system stock for detached home | M35: share | N35: efficiency | O35: share* efficiency
A36: heat pump | B36: 0.101 | C36: 1.9 | D36: =B36*C36 -> 0.1919 | F36: heating oil | G36: 0.064 | H36: 0.78 | I36: =G36*H36 -> 0.04992 | L36: heating oil | M36: 0.065 | N36: 0.78 | O36: =M36*N36 -> 0.0507
A37: other | B37: 0.01 | C37: 0.5 | D37: =B37*C37 -> 0.005 | F37: mid eff NG | G37: 0.156 | H37: 0.8 | I37: =G37*H37 -> 0.1248 | L37: mid eff NG | M37: 0.154 | N37: 0.8 | O37: =M37*N37 -> 0.1232
A38: wood/electric (avg of 2) | B38: 0.038 | C38: 0.75 | D38: =B38*C38 -> 0.0285 | F38: high eff NG | G38: 0.545 | H38: 0.9 | I38: =G38*H38 -> 0.4905 | L38: high eff NG | M38: 0.559 | N38: 0.9 | O38: =M38*N38 -> 0.5031
A39: wood/oil (avg) | B39: 0.034 | C39: 0.64 | D39: =B39*C39 -> 0.02176 | F39: electric | G39: 0.152 | H39: 1 | I39: =G39*H39 -> 0.152 | L39: electric | M39: 0.168 | N39: 1 | O39: =M39*N39 -> 0.168
A40: NG/electric | B40: 0.008 | C40: 0.9 | D40: =B40*C40 -> 0.0072 | F40: heat pump | G40: 0.042 | H40: 1.9 | I40: =G40*H40 -> 0.0798 | L40: heat pump | M40: 0.014 | N40: 1.9 | O40: =M40*N40 -> 0.0266
A41: oil/electric | B41: 0.005 | C41: 0.89 | D41: =B41*C41 -> 0.00445 | F41: other | G41: 0.011 | H41: 0.5 | I41: =G41*H41 -> 0.0055 | L41: other | M41: 0.011 | N41: 0.5 | O41: =M41*N41 -> 0.0055
F42: wood | G42: 0.021 | H42: 0.5 | I42: =G42*H42 -> 0.0105 | L42: wood | M42: 0.023 | N42: 0.5 | O42: =M42*N42 -> 0.0115
A43: average home energy need (100% efficiency) | C43: =B28*SUM(D32:D41)/B29*1000000 -> 90.625193 | D43: =SUM(D32:D41) -> 0.97023 | F43: wood/electric (avg of 2) | G43: 0.002 | H43: 0.75 | I43: =G43*H43 -> 0.0015 | L43: wood/electric (avg of 2) | M43: 0.001 | N43: 0.75 | O43: =M43*N43 -> 0.00075
F44: wood/oil (avg) | G44: 0.002 | H44: 0.64 | I44: =G44*H44 -> 0.00128 | L44: wood/oil (avg) | M44: 0.001 | N44: 0.64 | O44: =M44*N44 -> 0.00064
F45: NG/electric | G45: 0.003 | H45: 0.9 | I45: =G45*H45 -> 0.0027 | L45: NG/electric | M45: 0.003 | N45: 0.9 | O45: =M45*N45 -> 0.0027
F46: oil/electric | G46: 0.001 | H46: 0.89 | I46: =G46*H46 -> 0.00089 | L46: oil/electric | M46: 0.002 | N46: 0.89 | O46: =M46*N46 -> 0.00178
F48: average home energy need (100% efficiency) | H48: =G33*SUM(I36:I46)/G34*1000000 -> 58.446393 | I48: =SUM(I36:I46) -> 0.91939 | L48: average home energy need (100% efficiency) | N48: =M33*SUM(O36:O46)/M34*1000000 -> 30.470212 | O48: =SUM(O36:O46) -> 0.89447
A49: cooling load per dwelling unit
A51: average cooling load per home with central AC | E51: average cooling load per room AC
A53: total central AC cooling energy use (PJ) | B53: 24.8 | E53: total room AC cooling energy use (PJ) | F53: 1.4
A54: total number of central AC units | B54: 3821800 | E54: total number of room AC units | F54: 554800
A55: average central AC SEER | B55: 12.5 | E55: average room AC EER | F55: 11.6
A56: average central AC COP | B56: 3.19 | E56: average central AC COP | F56: 3.4
A57: cooling load per home | B57: =B53*1000000*B56/B54 -> 20.700194 | E57: cooling load per home | F57: =F53*1000000*F56/F54 -> 8.5796683
A58: heating load for single family homes/heating load for MURB
A65: average central AC cooling load per detached home | E65: average central AC cooling load per attached home | I65: average central AC cooling load per MURB unit
A67: average cooling load per home | B67: =B57 -> 20.700194 | E67: average cooling load per home | F67: =B57 -> 20.700194 | I67: average cooling load per home | J67: =B57 -> 20.700194
A68: total number of all homes with central AC | B68: 391424 | E68: total number of all homes with central AC | F68: 391424 | I68: total number of all homes with central AC | J68: 391424
A69: total number of detached homes with central AC | B69: ='input data'!$B11 -> 215000 | E69: total number of attached homes with central AC | F69: ='input data'!$B14 -> 94600 | I69: total number of MURB units with central AC | J69: ='input data'!#REF! -> #REF!
A71: adjusted cooling load per detached home | B71: 25.046896 | E71: adjusted cooling load per attached home | F71: 16.145019 | I71: adjusted cooling load per MURB unit | J71: 8.4319021
A74: average cooling AC load per housing type
A79: SEER and EER to COP conversions
A87: Levelized cost of energy savings
C89: incentive cost for ON ($M) | D89: interest rate | E89: NPV of loan | F89: energy generated (GWh) | G89: interest rate | H89: NPV of electricity | I89: LCOE | K89: interest on loan for ON ($M) | L89: interest rate | M89: NPV of interest on loan | N89: energy generated (GWh) | O89: interest rate | P89: NPV of electricity | Q89: LCOE
A90: housing type
A91: detached homes | B91: no AC | C91: =outputs!K33 -> 64.000045 | D91: ='input data'!$B$65 -> 0.019 | E91: =C91/(1+D91)+C91/(1+D91)^2+C91/(1+D91)^3+C91/(1+D91)^4+C91/(1+D91)^5+C91/(1+D91)^6+C91/(1+D91)^7+C91/(1+D91)^8+C91/(1+D91)^9+C91/(1+D91)^10+C91/(1+D91)^11+C91/(1+D91)^12+C91/(1+D91)^13+C91/(1+D91)^14+C91/(1+D91)^15 -> 828.53921 | F91: =outputs!Q45 -> 734.84336 | G91: ='input data'!$B$65 -> 0.019 | H91: =F91/(1+G91)+F91/(1+G91)^2+F91/(1+G91)^3+F91/(1+G91)^4+F91/(1+G91)^5+F91/(1+G91)^6+F91/(1+G91)^7+F91/(1+G91)^8+F91/(1+G91)^9+F91/(1+G91)^10+F91/(1+G91)^11+F91/(1+G91)^12+F91/(1+G91)^13+F91/(1+G91)^14+F91/(1+G91)^15 -> 9513.2205 | I91: =E91/H91 -> 0.087093452 | K91: =outputs!O33 -> 8.3500449 | L91: ='input data'!$B$65 -> 0.019 | M91: =K91/(1+L91)+K91/(1+L91)^2+K91/(1+L91)^3+K91/(1+L91)^4+K91/(1+L91)^5+K91/(1+L91)^6+K91/(1+L91)^7+K91/(1+L91)^8+K91/(1+L91)^9+K91/(1+L91)^10+K91/(1+L91)^11+K91/(1+L91)^12+K91/(1+L91)^13+K91/(1+L91)^14+K91/(1+L91)^15 -> 108.09898 | N91: =outputs!Q45 -> 734.84336 | O91: ='input data'!$B$65 -> 0.019 | P91: =N91/(1+O91)+N91/(1+O91)^2+N91/(1+O91)^3+N91/(1+O91)^4+N91/(1+O91)^5+N91/(1+O91)^6+N91/(1+O91)^7+N91/(1+O91)^8+N91/(1+O91)^9+N91/(1+O91)^10+N91/(1+O91)^11+N91/(1+O91)^12+N91/(1+O91)^13+N91/(1+O91)^14+N91/(1+O91)^15 -> 9513.2205 | Q91: =M91/P91 -> 0.011363027
B92: central AC | C92: =outputs!K34 -> 257.15023 | D92: ='input data'!B$65 -> 0.019 | E92: =C92/(1+D92)+C92/(1+D92)^2+C92/(1+D92)^3+C92/(1+D92)^4+C92/(1+D92)^5+C92/(1+D92)^6+C92/(1+D92)^7+C92/(1+D92)^8+C92/(1+D92)^9+C92/(1+D92)^10+C92/(1+D92)^11+C92/(1+D92)^12+C92/(1+D92)^13+C92/(1+D92)^14+C92/(1+D92)^15 -> 3329.0452 | F92: =outputs!Q46 -> 3506.7434 | G92: ='input data'!$B$65 -> 0.019 | H92: =F92/(1+G92)+F92/(1+G92)^2+F92/(1+G92)^3+F92/(1+G92)^4+F92/(1+G92)^5+F92/(1+G92)^6+F92/(1+G92)^7+F92/(1+G92)^8+F92/(1+G92)^9+F92/(1+G92)^10+F92/(1+G92)^11+F92/(1+G92)^12+F92/(1+G92)^13+F92/(1+G92)^14+F92/(1+G92)^15 -> 45398.006 | I92: =E92/H92 -> 0.073330208 | K92: =outputs!O34 -> 33.550225 | L92: ='input data'!$B$65 -> 0.019 | M92: =K92/(1+L92)+K92/(1+L92)^2+K92/(1+L92)^3+K92/(1+L92)^4+K92/(1+L92)^5+K92/(1+L92)^6+K92/(1+L92)^7+K92/(1+L92)^8+K92/(1+L92)^9+K92/(1+L92)^10+K92/(1+L92)^11+K92/(1+L92)^12+K92/(1+L92)^13+K92/(1+L92)^14+K92/(1+L92)^15 -> 434.3384 | N92: =outputs!Q46 -> 3506.7434 | O92: ='input data'!$B$65 -> 0.019 | P92: =N92/(1+O92)+N92/(1+O92)^2+N92/(1+O92)^3+N92/(1+O92)^4+N92/(1+O92)^5+N92/(1+O92)^6+N92/(1+O92)^7+N92/(1+O92)^8+N92/(1+O92)^9+N92/(1+O92)^10+N92/(1+O92)^11+N92/(1+O92)^12+N92/(1+O92)^13+N92/(1+O92)^14+N92/(1+O92)^15 -> 45398.006 | Q92: =M92/P92 -> 0.0095673453
B93: window AC | C93: =outputs!K35 -> 30.1887 | D93: ='input data'!B$65 -> 0.019 | E93: =C93/(1+D93)+C93/(1+D93)^2+C93/(1+D93)^3+C93/(1+D93)^4+C93/(1+D93)^5+C93/(1+D93)^6+C93/(1+D93)^7+C93/(1+D93)^8+C93/(1+D93)^9+C93/(1+D93)^10+C93/(1+D93)^11+C93/(1+D93)^12+C93/(1+D93)^13+C93/(1+D93)^14+C93/(1+D93)^15 -> 390.82038 | F93: =outputs!Q47 -> 334.14324 | G93: ='input data'!$B$65 -> 0.019 | H93: =F93/(1+G93)+F93/(1+G93)^2+F93/(1+G93)^3+F93/(1+G93)^4+F93/(1+G93)^5+F93/(1+G93)^6+F93/(1+G93)^7+F93/(1+G93)^8+F93/(1+G93)^9+F93/(1+G93)^10+F93/(1+G93)^11+F93/(1+G93)^12+F93/(1+G93)^13+F93/(1+G93)^14+F93/(1+G93)^15 -> 4325.7904 | I93: =E93/H93 -> 0.090346584 | K93: =outputs!O35 -> 3.9387004 | L93: ='input data'!$B$65 -> 0.019 | M93: =K93/(1+L93)+K93/(1+L93)^2+K93/(1+L93)^3+K93/(1+L93)^4+K93/(1+L93)^5+K93/(1+L93)^6+K93/(1+L93)^7+K93/(1+L93)^8+K93/(1+L93)^9+K93/(1+L93)^10+K93/(1+L93)^11+K93/(1+L93)^12+K93/(1+L93)^13+K93/(1+L93)^14+K93/(1+L93)^15 -> 50.990085 | N93: =outputs!Q47 -> 334.14324 | O93: ='input data'!$B$65 -> 0.019 | P93: =N93/(1+O93)+N93/(1+O93)^2+N93/(1+O93)^3+N93/(1+O93)^4+N93/(1+O93)^5+N93/(1+O93)^6+N93/(1+O93)^7+N93/(1+O93)^8+N93/(1+O93)^9+N93/(1+O93)^10+N93/(1+O93)^11+N93/(1+O93)^12+N93/(1+O93)^13+N93/(1+O93)^14+N93/(1+O93)^15 -> 4325.7904 | Q93: =M93/P93 -> 0.011787461
A94: attached homes | B94: no AC | C94: =outputs!K36 -> 28.16002 | D94: ='input data'!B$65 -> 0.019 | E94: =C94/(1+D94)+C94/(1+D94)^2+C94/(1+D94)^3+C94/(1+D94)^4+C94/(1+D94)^5+C94/(1+D94)^6+C94/(1+D94)^7+C94/(1+D94)^8+C94/(1+D94)^9+C94/(1+D94)^10+C94/(1+D94)^11+C94/(1+D94)^12+C94/(1+D94)^13+C94/(1+D94)^14+C94/(1+D94)^15 -> 364.55725 | F94: =outputs!Q48 -> 208.4165 | G94: ='input data'!$B$65 -> 0.019 | H94: =F94/(1+G94)+F94/(1+G94)^2+F94/(1+G94)^3+F94/(1+G94)^4+F94/(1+G94)^5+F94/(1+G94)^6+F94/(1+G94)^7+F94/(1+G94)^8+F94/(1+G94)^9+F94/(1+G94)^10+F94/(1+G94)^11+F94/(1+G94)^12+F94/(1+G94)^13+F94/(1+G94)^14+F94/(1+G94)^15 -> 2698.1425 | I94: =E94/H94 -> 0.13511416 | K94: =outputs!O36 -> 3.6740198 | L94: ='input data'!$B$65 -> 0.019 | M94: =K94/(1+L94)+K94/(1+L94)^2+K94/(1+L94)^3+K94/(1+L94)^4+K94/(1+L94)^5+K94/(1+L94)^6+K94/(1+L94)^7+K94/(1+L94)^8+K94/(1+L94)^9+K94/(1+L94)^10+K94/(1+L94)^11+K94/(1+L94)^12+K94/(1+L94)^13+K94/(1+L94)^14+K94/(1+L94)^15 -> 47.563552 | N94: =outputs!Q48 -> 208.4165 | O94: ='input data'!$B$65 -> 0.019 | P94: =N94/(1+O94)+N94/(1+O94)^2+N94/(1+O94)^3+N94/(1+O94)^4+N94/(1+O94)^5+N94/(1+O94)^6+N94/(1+O94)^7+N94/(1+O94)^8+N94/(1+O94)^9+N94/(1+O94)^10+N94/(1+O94)^11+N94/(1+O94)^12+N94/(1+O94)^13+N94/(1+O94)^14+N94/(1+O94)^15 -> 2698.1425 | Q94: =M94/P94 -> 0.017628258
B95: central AC | C95: =outputs!K37 -> 113.1461 | D95: ='input data'!B$65 -> 0.019 | E95: =C95/(1+D95)+C95/(1+D95)^2+C95/(1+D95)^3+C95/(1+D95)^4+C95/(1+D95)^5+C95/(1+D95)^6+C95/(1+D95)^7+C95/(1+D95)^8+C95/(1+D95)^9+C95/(1+D95)^10+C95/(1+D95)^11+C95/(1+D95)^12+C95/(1+D95)^13+C95/(1+D95)^14+C95/(1+D95)^15 -> 1464.7799 | F95: =outputs!Q49 -> 994.65234 | G95: ='input data'!$B$65 -> 0.019 | H95: =F95/(1+G95)+F95/(1+G95)^2+F95/(1+G95)^3+F95/(1+G95)^4+F95/(1+G95)^5+F95/(1+G95)^6+F95/(1+G95)^7+F95/(1+G95)^8+F95/(1+G95)^9+F95/(1+G95)^10+F95/(1+G95)^11+F95/(1+G95)^12+F95/(1+G95)^13+F95/(1+G95)^14+F95/(1+G95)^15 -> 12876.686 | I95: =E95/H95 -> 0.11375442 | K95: =outputs!O37 -> 14.762099 | L95: ='input data'!$B$65 -> 0.019 | M95: =K95/(1+L95)+K95/(1+L95)^2+K95/(1+L95)^3+K95/(1+L95)^4+K95/(1+L95)^5+K95/(1+L95)^6+K95/(1+L95)^7+K95/(1+L95)^8+K95/(1+L95)^9+K95/(1+L95)^10+K95/(1+L95)^11+K95/(1+L95)^12+K95/(1+L95)^13+K95/(1+L95)^14+K95/(1+L95)^15 -> 191.1089 | N95: =outputs!Q49 -> 994.65234 | O95: ='input data'!$B$65 -> 0.019 | P95: =N95/(1+O95)+N95/(1+O95)^2+N95/(1+O95)^3+N95/(1+O95)^4+N95/(1+O95)^5+N95/(1+O95)^6+N95/(1+O95)^7+N95/(1+O95)^8+N95/(1+O95)^9+N95/(1+O95)^10+N95/(1+O95)^11+N95/(1+O95)^12+N95/(1+O95)^13+N95/(1+O95)^14+N95/(1+O95)^15 -> 12876.686 | Q95: =M95/P95 -> 0.014841466
B96: window AC | C96: =outputs!K38 -> 13.283028 | D96: ='input data'!B$65 -> 0.019 | E96: =C96/(1+D96)+C96/(1+D96)^2+C96/(1+D96)^3+C96/(1+D96)^4+C96/(1+D96)^5+C96/(1+D96)^6+C96/(1+D96)^7+C96/(1+D96)^8+C96/(1+D96)^9+C96/(1+D96)^10+C96/(1+D96)^11+C96/(1+D96)^12+C96/(1+D96)^13+C96/(1+D96)^14+C96/(1+D96)^15 -> 171.96097 | F96: =outputs!Q50 -> 101.58478 | G96: ='input data'!$B$65 -> 0.019 | H96: =F96/(1+G96)+F96/(1+G96)^2+F96/(1+G96)^3+F96/(1+G96)^4+F96/(1+G96)^5+F96/(1+G96)^6+F96/(1+G96)^7+F96/(1+G96)^8+F96/(1+G96)^9+F96/(1+G96)^10+F96/(1+G96)^11+F96/(1+G96)^12+F96/(1+G96)^13+F96/(1+G96)^14+F96/(1+G96)^15 -> 1315.108 | I96: =E96/H96 -> 0.13075806 | K96: =outputs!O38 -> 1.7330282 | L96: ='input data'!$B$65 -> 0.019 | M96: =K96/(1+L96)+K96/(1+L96)^2+K96/(1+L96)^3+K96/(1+L96)^4+K96/(1+L96)^5+K96/(1+L96)^6+K96/(1+L96)^7+K96/(1+L96)^8+K96/(1+L96)^9+K96/(1+L96)^10+K96/(1+L96)^11+K96/(1+L96)^12+K96/(1+L96)^13+K96/(1+L96)^14+K96/(1+L96)^15 -> 22.435638 | N96: =outputs!Q50 -> 101.58478 | O96: ='input data'!$B$65 -> 0.019 | P96: =N96/(1+O96)+N96/(1+O96)^2+N96/(1+O96)^3+N96/(1+O96)^4+N96/(1+O96)^5+N96/(1+O96)^6+N96/(1+O96)^7+N96/(1+O96)^8+N96/(1+O96)^9+N96/(1+O96)^10+N96/(1+O96)^11+N96/(1+O96)^12+N96/(1+O96)^13+N96/(1+O96)^14+N96/(1+O96)^15 -> 1315.108 | Q96: =M96/P96 -> 0.01705992
